 Dungeon Crawl Stone Soup version 0.30-a0-800-g7c544603b3 (webtiles) character file.

Game seed: 2843733076120997043

3138 Iich the Cleaver (level 9, -2/85 HPs)
             Began as a Hill Orc Fighter on Feb 22, 2023.
             Slain by a spatial maelstrom (3 damage)
             ... on level 2 of the Abyss.
             The game lasted 00:07:51 (6115 turns).

Iich the Cleaver (Hill Orc Fighter)                 Turns: 6115, Time: 00:07:52

Health: -2/85      AC: 15    Str: 19      XL:     9   Next: 92%
Magic:  9/9        EV:  7    Int:  5 (8)  God:
Gold:   350        SH:  5    Dex: 14      Spells: 8/8 levels left

rFire   . . .      SeeInvis .    a - +1 war axe
rCold   . . .      Faith    .    c - +0 buckler
rNeg    . . .      Spirit   .    j - +0 chain mail
rPois   .          Reflect  .    l - +0 helmet
rElec   .          Harm     .    C - +0 cloak
rCorr   .          Rampage  .    (no gloves)
Will    .....                    (no boots) Stlth
                                 (no amulet)
HPRegen 0.34/turn                g - ring of flight
MPRegen 0.11/turn                m - +4 ring of protection

@: flying
A: hooves 1
a: no special abilities


You were on level 2 of the Abyss.
You visited 2 branches of the dungeon, and saw 8 of its levels.
You visited the Abyss 1 time.

You collected 350 gold pieces.

Inventory:

Hand Weapons
 a - a +1 war axe (weapon)
Armour
 b - a +0 scale mail
 c - a +0 buckler (worn)
 j - a +0 chain mail (worn)
 l - a +0 helmet (worn)
 C - a +0 cloak (worn)
Jewellery
 g - a ring of flight (left hand)
 m - a +4 ring of protection (right hand)
 u - a ring of resist corrosion
Wands
 p - a wand of acid (2)
 y - a wand of mindburst (8)
 A - a wand of charming (4)
 D - a wand of iceblast (9)
Scrolls
 e - a scroll of noise
 f - 4 scrolls of enchant weapon
 h - a scroll of vulnerability
 i - 2 scrolls of silence
 n - a scroll of fog
 r - a scroll of brand weapon
 s - a scroll of poison
 t - 3 scrolls of magic mapping
 v - a scroll of fear
 x - a scroll of amnesia {unknown}
Potions
 d - 2 potions of might
 k - a potion of haste {unknown}
 o - a potion of brilliance {unknown}
 q - a potion of resistance {unknown}
 w - a potion of magic {unknown}
 z - a potion of curing
 B - a potion of lignification {unknown}


   Skills:
 + Level 10.0 Fighting
 * Level 14.4 Axes
 - Level 3.2 Armour
 - Level 3.2 Shields


You had 8 spell levels left.
You didn't know any spells.
Your spell library contained the following spells:

 Spells                   Type           Power      Damage    Failure   Level
 Sandblast                Erth           0%         2d4       100%        1
 Passwall                 Tmut/Erth      0%         N/A       100%        2
 Hailstorm                Conj/Ice       0%         3d3       100%        3
 Stone Arrow              Conj/Erth      0%         3d7       100%        3
 Ice Form                 Ice/Tmut       0%         N/A       100%        4
 Simulacrum               Ice/Necr       0%         N/A       100%        6


Dungeon Overview and Level Annotations

Branches:
Dungeon (7/15)             Temple (1/1) D:4

Altars:
Ashenzari
Dithmenos
Elyvilon
Fedhas
Kikubaaqudgha
Makhleb
Nemelex Xobeh
Sif Muna
Uskayaw
Vehumet
Xom
Zin
The Shining One

Portals:
Abyss: D:7

Annotations:
D:7 1 transporter


Innate Abilities, Weirdness & Mutations

You have large cloven feet.


Message History

A large abomination comes into view.
You block the blink frog's attack.
A ynoxinul comes into view.
The ynoxinul bellows!
You hear a croak.
The neqoxec gestures at you.
You feel dopey. Something feeds on your intellect! The blink frog hits you.
The blink frog attacks as you move away!
The blink frog hits you.
A spatial vortex comes into view. x2
The blink frog barely misses you.
The ynoxinul gestures.
A spatial vortex comes into view.
The blink frog croaks.
The ufetubus shouts!
A spatial vortex comes into view.
The blink frog blinks!
The blink frog blinks!
A spatial vortex comes into view.
A spatial vortex comes into view.
The blink frog attacks as you move away!
The blink frog hits you!
Found a corrupted altar of Lugonu.
A spatial vortex comes into view.
The blink frog attacks as you move away!
The blink frog hits you. x2; The blink frog blinks! 2 spatial vortices come into view.
The spatial maelstrom attacks as you move away!
The spatial maelstrom hits you but does no damage.
The spatial maelstrom hits you!
* * * LOW HITPOINT WARNING * * *
Space warps horribly around you!!
* * * LOW HITPOINT WARNING * * *
The neqoxec gestures at you.
Something tries to feed on your intellect!
The spatial maelstrom attacks as you move away!
The spatial maelstrom hits you.
* * * LOW HITPOINT WARNING * * *
The spatial maelstrom hits you!
* * * LOW HITPOINT WARNING * * *
Space warps around you.
You die...

.. . #. ##.
._. ... #.#
#.#
#..###.#
###F...##
#.##.#@.#
#....v.#
#..#v#5.ยง#
#....v#
###..##
#vx.# # #
#..3#
...###FX# #
#..#..3##


You could see a spatial maelstrom, 3 spatial vortices, a large abomination, 2
blink frogs, a neqoxec, a small abomination and an ufetubus (summoned).

Vanquished Creatures
  The ghost of nooxmaroon the Cleaver, a novice MiBe of Trog (D:7)
  Pikel (D:4)
  Prince Ribbit (D:5)
  Sigmund (D:6)
  Edmund (D:6)
  2 water moccasins
  Duvessa (D:4)
  An ice beast (D:7)
  An orc warrior (D:7)
  A black bear (D:6)
  An ogre (D:6)
  2 centaurs
  A necrophage (D:6)
  2 scorpions
  Dowan (D:4)
  A howler monkey (D:4)
  4 hounds
  4 jellies
  2 orc priests
  A gnoll bouda (D:5)
  3 iron imps (D:3)
  3 orc wizards
  4 gnolls (D:5)
  6 adders
  2 shadow imps (D:6)
  An ufetubus (D:6)
  A dart slug (D:2)
  13 orcs
  A bat (D:3)
  5 endoplasms
  3 giant cockroaches
  A goblin (D:2)
  5 hobgoblins
  16 jackals
  2 quokkas
  3 ball pythons
  A frilled lizard (D:3)
  6 kobolds
  5 rats
111 creatures vanquished.

Notes
Turn   | Place    | Note
-------+----------+-------------------------------------------
     0 | D:1      | Iich the Hill Orc Fighter began the quest for the Orb.
     0 | D:1      | Reached XP level 1. HP: 19/19 MP: 1/1
   171 | D:1      | Reached skill level 3 in Axes
   316 | D:1      | Reached XP level 2. HP: 26/27 MP: 2/2
   435 | D:1      | Reached skill level 4 in Axes
   552 | D:1      | Reached XP level 3. HP: 33/33 MP: 3/3
  1002 | D:2      | Found a faded altar of an unknown god.
  1326 | D:2      | Reached XP level 4. HP: 41/41 MP: 4/4
  1647 | D:3      | Reached skill level 5 in Axes
  1869 | D:3      | Found a burning altar of Makhleb.
  1878 | D:3      | Reached XP level 5. HP: 47/47 MP: 5/5
  1883 | D:3      | Reached skill level 5 in Fighting
  1883 | D:3      | Reached skill level 6 in Axes
  2210 | D:4      | Found a staircase to the Ecumenical Temple.
  2226 | Temple   | Entered the Ecumenical Temple
  2470 | D:4      | Found an ancient bone altar of Kikubaaqudgha.
  2479 | D:4      | Reached XP level 6. HP: 53/56 MP: 6/6
  2518 | D:4      | Reached skill level 7 in Axes
  2703 | D:4      | Noticed Duvessa
  2704 | D:4      | Noticed Dowan
  2711 | D:4      | Killed Duvessa
  2712 | D:4      | Reached skill level 8 in Axes
  2712 | D:4      | Reached XP level 7. HP: 47/63 MP: 7/7
  2749 | D:4      | Killed Dowan
  2997 | D:4      | Noticed Pikel
  3011 | D:4      | Killed Pikel
  3012 | D:4      | Reached skill level 10 in Axes
  3012 | D:4      | Reached XP level 8. HP: 42/73 MP: 8/8
  3399 | D:5      | Entered Level 5 of the Dungeon
  3527 | D:5      | Reached skill level 11 in Axes
  3660 | D:5      | Noticed Prince Ribbit
  3691 | D:5      | Killed Prince Ribbit
  4001 | D:5      | Reached skill level 12 in Axes
  4155 | D:6      | Reached XP level 9. HP: 66/82 MP: 9/9
  4268 | D:6      | Noticed Edmund
  4274 | D:6      | Killed Edmund
  4641 | D:6      | Noticed Sigmund
  4647 | D:6      | Killed Sigmund
  4648 | D:6      | Reached skill level 13 in Axes
  4689 | D:6      | Gained mutation: You are clumsy. (Dex -2) [potion of
                  | mutation]
  4736 | D:6      | Lost mutation: You are clumsy. (Dex -2) [potion of
                  | mutation]
  4736 | D:6      | Gained mutation: You have large cloven feet. [potion of
                  | mutation]
  4893 | D:6      | Found a shadowy altar of Dithmenos.
  4893 | D:6      | Found a sparkling altar of Nemelex Xobeh.
  4894 | D:6      | Found a broken altar of Ashenzari.
  5177 | D:7      | Found a transporter.
  5201 | D:7      | Found a transporter.
  5676 | D:7      | Found a radiant altar of Vehumet.
  5725 | D:7      | Noticed nooxmaroon's ghost (novice MiBe)
  5725 | D:7      | Found a one-way gate to the infinite horrors of the Abyss.
  5735 | D:7      | Killed nooxmaroon's ghost
  5736 | D:7      | Reached skill level 10 in Fighting
  5736 | D:7      | Reached skill level 14 in Axes
  5743 | Abyss:2  | Cast into level 2 of the Abyss (gnoll sergeant)
  6083 | Abyss:2  | Noticed a spatial maelstrom
  6083 | Abyss:2  | Noticed a hellephant
  6100 | Abyss:2  | Noticed a large abomination
  6111 | Abyss:2  | Found a corrupted altar of Lugonu.
  6115 | Abyss:2  | HP: 1/85 [spatial maelstrom (8)]
  6115 | Abyss:2  | Slain by a spatial maelstrom

Illustrated notes

Levels and vault maps discovered:
D:1:      pf_arrival_petrified_forest, layout_loops_ring,
          roderic_cross_of_infinity
D:2:      layout_loops_ring, ebering_ecumenical_altar_mist
D:3:      layout_rooms, demons_altar
D:4:      layout_basic, mainiacjoe_overflow_brackets,
          minmay_temple_entry_statues_pillars, uniq_pikel, uniq_duvessa
D:5:      kennysheep_steamy, layout_layer_cave, corexii_leaking_fountain,
          uniq_prince_ribbit1
D:6:      layout_gridville, gammafunk_temple_overflow_forgotten, uniq_sigmund,
          uniq_edmund
D:7:      layout_basic, lemuel_crystal_altar, minitemple, amcnicky_altar_gilded,
          mainiacjoe_overflow_24_doors, gammafunk_ghost_abyssal_escape,
          uniq_crazy_yiuf_cottage
Temple:   hellmonk_temple_of_storms
Abyss:2:  base:
D:6

Skill      XL: |  1  2  3  4  5  6  7  8  9 |
---------------+----------------------------+-----
Axes           | 3 4 5 6 8 10 12 14 | 14.4
Fighting       | 4 5 6 7 8 10 | 10.0
Armour         | |  3.2
Shields        | |  3.2

Action                     |  1- 3 |  4- 6 |  7- 9 || total
---------------------------+-------+-------+-------++-------
  Melee: War axe           |    92 |    61 |   167 ||   320
         Kick              |       |       |    14 ||    14
  Evoke: Wand              |       |     6 |     7 ||    13
    Use: Scroll            |     3 |     4 |     2 ||     9
         Potion            |       |       |     4 ||     4
 Armour: Scale mail        |    27 |       |       ||    27
         Chain mail        |    48 |    51 |   104 ||   203
  Dodge: Dodged            |    43 |    29 |    51 ||   123
  Block: Buckler           |    18 |    13 |    36 ||    67

Table legend: (Time is in decaauts)
 A = Elapsed time spent in this place.
 B = Non-inter-level travel time spent in this place.
 C = Inter-level travel time spent in this place.
 D = Time resting spent in this place.
 E = Time spent auto-exploring this place.
 F = Levels seen in this place.
 G = Mean time per level.
                   A        B        C        D        E       F      G
               +--------+--------+--------+--------+--------+-----+--------+
         Total |   6154 |   5956 |    198 |    664 |   4305 |   9 |  683.8 |
       Dungeon |   5737 |   5539 |    198 |    464 |   4253 |   7 |  819.6 |
        Temple |     45 |     45 |      0 |      0 |     28 |   1 |   45.0 |
         Abyss |    371 |    371 |      0 |    200 |     24 |   1 |  371.0 |
               +--------+--------+--------+--------+--------+-----+--------+

Top non-repeatable levels by time:
     D:4: 1228 daAuts
     D:6: 1007 daAuts
     D:1: 949 daAuts
     D:5: 742 daAuts
     D:2: 681 daAuts
     D:7: 586 daAuts
     D:3: 542 daAuts
 Abyss:2: 371 daAuts
  Temple: 45 daAuts
